 Dungeon Sprint DCSS version 0.29-a0-334-gb41bcbb86e (webtiles) character file.

Game seed: 9068143260373751642

4561 BigDaddyOpFi the Protected (level 10, -9/97 HPs)
             Began as a Minotaur Fighter on Apr 15, 2022.
             Was the Champion of Qazlal.
             Mangled by a merfolk
             ... wielding a +0 trident
              (16 damage)
             ... in the Dungeon (Sprint VII: "The Pits").
             The game lasted 00:05:29 (2753 turns).

BigDaddyOpFi the Protected (Minotaur Fighter)       Turns: 2753, Time: 00:05:30

Health: -9/97      AC: 23    Str: 24 (25) XL:     10   Next: 18%
Magic:  9/9        EV:  7    Int:  9 (10) God:    Qazlal [******]
Gold:   0          SH: 15    Dex: 10      Spells: 9/9 levels left

rFire   . . .      SeeInvis .   r - +2 scimitar of the Hugging Shark {flame, Int+5}
rCold   . . .      Faith    .   c - +0 buckler
rNeg    . . .      Spirit   .   p - +4 chain mail
rPois   .          Reflect  .   (helmet restricted)
rElec   .          Harm     .   (no cloak)
rCorr   .          Rampage  .   q - +0 pair of gloves
Will    .....      Rage     1%  (no boots)
Stlth   .......... NoTele   +   (no amulet)
HPRegen 0.26/turn               (no ring)
MPRegen 0.11/turn               (no ring)

@: mighty, lethally poisoned (-9 -> -16), protected from physical damage, on
berserk cooldown, slowed, constricted, invisible, repel missiles, very slow
A: horns 2, retaliatory headbutt, iridescent scales 1, berserk 1, deterioration
1
a: Renounce Religion, Upheaval, Elemental Force, Disaster Area


You were in the Dungeon.
You worshipped Qazlal.
Qazlal was exalted by your worship.
You visited 1 branch

Inventory:

Hand Weapons
 a - a +0 war axe
 r - the +2 scimitar of the Hugging Shark (weapon) {flame, Int+5}
   (You found it in the Dungeon)

   It burns those it strikes, dealing additional fire damage.
   Big, fiery blades are also staple armaments of hydra-hunters.
   Int:       It affects your intelligence (+5).
 s - a +2 vorpal war axe
 t - a +2 vorpal morningstar
Missiles
 d - 6 poisoned darts (quivered)
Armour
 b - a +0 scale mail
 c - a +0 buckler (worn)
 l - a +3 chain mail
 p - a +4 chain mail (worn)
 q - a +0 pair of gloves (worn)
Jewellery
 j - a +3 ring of strength
 m - a +3 ring of strength
Potions
 e - 2 potions of curing
 g - a potion of haste
 h - 4 potions of magic
 i - a potion of berserk rage
 k - a potion of invisibility
 o - 2 potions of brilliance
 u - a potion of mutation


   Skills:
 + Level 12.1 Fighting
 * Level 12.3 Long Blades
 - Level 12.0 Axes
 + Level 14.5 Armour
 + Level 6.5 Dodging
 + Level 0.7 Stealth
 + Level 13.5 Shields


You had 9 spell levels left.
You didn't know any spells.
Your spell library was empty.

Dungeon Overview and Level Annotations

Branches:
Dungeon (1/1)

Altars:
Ashenzari
Cheibriados
Dithmenos
Elyvilon
Fedhas
Gozag
Hepliaklqana
Kikubaaqudgha
Makhleb
Nemelex Xobeh
Okawaru
Qazlal
Ru
Sif Muna
Trog
Uskayaw
Vehumet
Wu Jian
Xom
Yredelemnul
Zin
The Shining One
Beogh
Jiyva
Lugonu


Innate Abilities, Weirdness & Mutations

You have a pair of horns on your head.
You reflexively headbutt those who attack you in melee.
You are partially covered in iridescent scales. (AC +2)
You tend to lose your temper in combat.
Your body sometimes deteriorates upon taking damage.


Message History

You block the merfolk's attack.
You feel better. You block the nagaraja's attack. The nagaraja constricts you.
The merfolk hits you from afar with a +0 trident.
You feel more protected from physical attacks.
You block the nagaraja's attack. The nagaraja constricts you.
* * * LOW HITPOINT WARNING * * *
The merfolk hits you from afar with a +0 trident!
* * * LOW HITPOINT WARNING * * *
You feel more protected from physical attacks.
The nagaraja spits poison at you. You block the splash of poison.
The nagaraja constricts you.
You feel better.
The nagaraja hits you but does no damage.
The nagaraja constricts you.
* * * LOW HITPOINT WARNING * * *
You block the merfolk's attack.
The nagaraja hits you with a +0 whip of electrocution.
* * * LOW HITPOINT WARNING * * *
The nagaraja constricts you.
* * * LOW HITPOINT WARNING * * *
Unknown command.
Unknown command.
You slash the nagaraja! You burn the nagaraja.
The nagaraja is heavily wounded.
The nagaraja is engulfed in blazing flames.
The nagaraja hits you with a +0 whip of electrocution.
* * * LOW HITPOINT WARNING * * *
The nagaraja constricts you.
* * * LOW HITPOINT WARNING * * *
The merfolk hits you but does no damage.
Unknown command.
You fade into invisibility!
The nagaraja is engulfed in blazing flames.
The nagaraja spits poison at you.
The splash of poison hits you but does no damage.
You are poisoned.
The nagaraja constricts you.
* * * LOW HITPOINT WARNING * * *
The merfolk hits you from afar with a +0 trident!
You die...

############ #_________.#
#_________.#
#_______...###########++######
##########'##................#
#.?(.')))'.##......#..#......#
##########.##)m○.............+
#...........†§.☼.............+
#'#####'#####@N....#..#......#
#.#..#.)...##......).........#
#.#))#####'#####'#####''######
#.#))#...†.##.......##''######
#.#))#.....##.......##......#.
#)#.[###'####.......##....###.
#)##'#.)†..##...<...##m..##.'W
#)#........##.......##m.##..##
#.#........##.......##..#..##.


You could see a nagaraja (fast, catching breath) and a merfolk (can't see you).

Vanquished Creatures
  A merfolk impaler (D)
  A flayed ghost (D)
  An elephant (D)
  A molten gargoyle (D)
  A demonic crawler (D)
  A freezing wraith (D)
  2 merfolk (D)
  A hornet (D)
  A tarantella (D)
  A spriggan (D)
  A wraith (D)
  A redback (D)
  A water moccasin (D)
  6 wolves (D)
  A phantom (D)
  A kobold brigand (D)
  A scorpion (D)
  2 orc priests (D)
  A gnoll shaman (D)
  5 orc wizards (D)
  4 gnolls (D)
  2 adders (D)
  A white imp (D)
  8 orcs (D)
  A bat skeleton (D)
  A giant cockroach (D)
  2 jackals (D)
  A quokka (D)
  A bat (D)
  2 kobolds (D)
  2 rats (D)
56 creatures vanquished.

Notes
Turn   | Place    | Note
-------+----------+-------------------------------------------
     0 | D        | BigDaddyOpFi the Minotaur Fighter began the quest for the
                  | Orb.
     0 | D        | Reached XP level 1. HP: 19/19 MP: 0/0
   120 | D        | Found a bloodstained altar of Trog.
   120 | D        | Found a shimmering blue altar of Sif Muna.
   120 | D        | Found a viscous altar of Jiyva.
   120 | D        | Found a hazy altar of Hepliaklqana.
   120 | D        | Found an opulent altar of Gozag.
   138 | D        | Found a glowing golden altar of the Shining One.
   138 | D        | Found a glowing silver altar of Zin.
   138 | D        | Found a basalt altar of Yredelemnul.
   138 | D        | Found a shimmering altar of Xom.
   138 | D        | Found an ornate altar of the Wu Jian Council.
   138 | D        | Found a sacrificial altar of Ru.
   138 | D        | Found a stormy altar of Qazlal.
   138 | D        | Found an iron altar of Okawaru.
   138 | D        | Found a sparkling altar of Nemelex Xobeh.
   138 | D        | Found a burning altar of Makhleb.
   138 | D        | Found a blossoming altar of Fedhas.
   138 | D        | Found a white marble altar of Elyvilon.
   138 | D        | Found a shadowy altar of Dithmenos.
   138 | D        | Found a snail-covered altar of Cheibriados.
   140 | D        | Found a radiant altar of Vehumet.
   140 | D        | Found a corrupted altar of Lugonu.
   141 | D        | Found a hide-covered altar of Uskayaw.
   141 | D        | Found an ancient bone altar of Kikubaaqudgha.
   141 | D        | Found a broken altar of Ashenzari.
   159 | D        | Became a worshipper of Qazlal Stormbringer
   177 | D        | Reached skill level 4 in Armour
   177 | D        | Reached XP level 2. HP: 28/28 MP: 1/1
   187 | D        | Reached * piety under Qazlal
   199 | D        | Reached ** piety under Qazlal
   200 | D        | Reached skill level 5 in Fighting
   200 | D        | Reached skill level 5 in Armour
   200 | D        | Reached skill level 5 in Shields
   422 | D        | Reached XP level 3. HP: 30/36 MP: 2/2
   424 | D        | Reached *** piety under Qazlal
   425 | D        | Reached skill level 6 in Armour
   425 | D        | Reached skill level 1 in Dodging
   425 | D        | Reached XP level 4. HP: 36/44 MP: 3/3
   432 | D        | Reached **** piety under Qazlal
   442 | D        | Noticed a kobold brigand
   444 | D        | Reached skill level 5 in Axes
   444 | D        | Reached skill level 7 in Armour
   445 | D        | Noticed a phantom
   452 | D        | Killed a kobold brigand
   452 | D        | Reached ***** piety under Qazlal
   453 | D        | Reached skill level 8 in Armour
   453 | D        | Reached XP level 5. HP: 40/52 MP: 4/4
   479 | D        | Killed a phantom
   480 | D        | Reached XP level 6. HP: 37/61 MP: 5/5
   724 | D        | Noticed a freezing wraith
   750 | D        | Killed a freezing wraith
   751 | D        | Reached skill level 10 in Axes
   751 | D        | Reached skill level 9 in Armour
   751 | D        | Reached XP level 7. HP: 54/69 MP: 6/6
  1053 | D        | Reached ****** piety under Qazlal
  1054 | D        | Reached skill level 10 in Armour
  1067 | D        | Reached skill level 10 in Shields
  1072 | D        | Reached skill level 11 in Armour
  1080 | D        | Reached XP level 8. HP: 70/79 MP: 7/7
  1090 | D        | Reached skill level 5 in Dodging
  1092 | D        | Reached skill level 10 in Fighting
  1442 | D        | Got the +2 scimitar of the Hugging Shark {flame, Int+5}
  1495 | D        | Gained mutation: You tend to lose your temper in combat.
                  | [potion of mutation]
  1495 | D        | Gained mutation: Your body sometimes deteriorates upon
                  | taking damage. [potion of mutation]
  1495 | D        | Gained mutation: You are partially covered in iridescent
                  | scales. (AC +2) [potion of mutation]
  1550 | D        | Noticed a molten gargoyle
  1559 | D        | Reached skill level 1 in Long Blades
  1571 | D        | Killed a molten gargoyle
  1572 | D        | Reached skill level 12 in Armour
  1841 | D        | Noticed an elephant
  1850 | D        | Killed an elephant
  1851 | D        | Reached skill level 5 in Long Blades
  1851 | D        | Reached skill level 13 in Armour
  1851 | D        | Reached XP level 9. HP: 73/86 MP: 8/8
  2694 | D        | Noticed a nagaraja
  2697 | D        | Noticed a demonic crawler
  2699 | D        | Noticed a phantasmal warrior
  2700 | D        | Noticed a flayed ghost
  2701 | D        | Noticed a gargoyle
  2702 | D        | Noticed a merfolk
  2703 | D        | Noticed a merfolk impaler
  2703 | D        | Noticed a merfolk
  2704 | D        | Noticed a merfolk
  2732 | D        | Killed a demonic crawler
  2738 | D        | Killed a merfolk
  2739 | D        | Reached skill level 14 in Armour
  2739 | D        | Killed a merfolk impaler
  2740 | D        | Reached XP level 10. HP: 28/97 MP: 9/9
  2743 | D        | Killed a flayed ghost
  2753 | D        | Mangled by a merfolk

Illustrated notes

Levels and vault maps discovered:
D:        pitsprint [storerooms_1, entrance_room_1, metal_vault_6, armoury_2,
          mini_pit_1, grid_room_1, main_hall_1, silver_pit, the_coven_3,
          the_vestibule_1, steel_vault_4, golden_pit, hallway_of_sentries,
          crystal_vault_3, iron_vault_3, final_vault]

Skill      XL: |  1  2  3  4  5  6  7  8  9 10 |
---------------+-------------------------------+-----
Fighting       | 4 5 6 7 8 9 10 11 12 | 12.1
Armour         | 4 5 6 8 9 11 13 14 | 14.5
Shields        | 4 5 6 7 8 9 10 11 13 | 13.5
Axes           | 3 4 6 8 10 11 12 | 12.0
Dodging        | 1 2 3 4 5 6 |  6.5
Long Blades    | 5 11 12 | 12.3
Stealth        | |  0.7

Action                   |  1- 3 |  4- 6 |  7- 9 | 10-12 || total
-------------------------+-------+-------+-------+-------++-------
Melee: War axe           |    18 |    72 |    39 |       ||   129
       Headbutt          |     4 |     6 |    19 |       ||    29
       Scimitar          |       |       |    54 |     6 ||    60
  Use: Potion            |     2 |     6 |     7 |     7 ||    22
       Scroll            |       |     1 |       |       ||     1
Armor: Scale mail        |    10 |       |       |       ||    10
       Chain mail        |     1 |    26 |    56 |    10 ||    93
Dodge: Dodged            |     7 |    25 |    44 |     4 ||    80
       Repelled          |       |       |       |     2 ||     2
Block: Buckler           |     8 |    39 |    72 |    15 ||   134

Table legend: (Time is in decaauts)
 A = Elapsed time spent in this place.
 B = Non-inter-level travel time spent in this place.
 C = Inter-level travel time spent in this place.
 D = Time resting spent in this place.
 E = Time spent auto-exploring this place.
 F = Levels seen in this place.
 G = Mean time per level.
                   A        B        C        D        E       F      G
               +--------+--------+--------+--------+--------+-----+--------+
         Total |   2845 |   2797 |     48 |   2118 |      0 |   1 | 2845.0 |
       Dungeon |   2845 |   2797 |     48 |   2118 |      0 |   1 | 2845.0 |
               +--------+--------+--------+--------+--------+-----+--------+

Top non-repeatable levels by time:
       D: 2845 daAuts
